 Dungeon Crawl Stone Soup version 0.24.0-123-gd5b16e6ec5 (webtiles) character file.

Game seed: 13753005893695205571, levelgen mode: deterministic

655 Curus the Basher (level 7, -4/56 HPs)
             Began as a Minotaur Gladiator on Feb 7, 2020.
             Was a Believer of Makhleb.
             Slain by a sky beast (6 damage)
             ... on level 5 of the Dungeon.
             The game lasted 00:22:35 (3407 turns).

Curus the Basher (Minotaur Gladiator)               Turns: 3407, Time: 00:22:35

Health: -4/56      AC:  4    Str: 18    XL:     7   Next: 29%
Magic:  6/6        EV: 13    Int:  7    God:    Makhleb [**....]
Gold:   291        SH:  0    Dex: 12    Spells: 6/6 levels left

rFire    . . .     SeeInvis .   a - +2 flail
rCold    . . .     Gourm    .   (no shield)
rNeg     . . .     Faith    .   g - +0 leather armour
rPois    +         Spirit   .   c - +0 hat
rElec    .         Reflect  .   (no cloak)
rCorr    .         Harm     .   (no gloves)
MR       +....                  q - +0 pair of boots
Stlth    +.........             (no amulet)
HPRegen  0.18/turn              s - ring of poison resistance
MPRegen  0.10/turn              i - ring of protection from magic

@: no status effects
A: retaliatory headbutt, horns 2
a: Minor Destruction, Renounce Religion


You were on level 5 of the Dungeon.
You worshipped Makhleb.
Makhleb was pleased with you.
You were not hungry.

You visited 1 branch of the dungeon, and saw 5 of its levels.
You also visited: Sewer.

You collected 291 gold pieces.

Inventory:

Hand Weapons
 a - a +2 flail (weapon)
Missiles
 d - 2 throwing nets (quivered)
Armour
 b - a +0 leather armour
 c - a +0 hat (worn)
 g - a +0 leather armour (worn)
 q - a +0 pair of boots (worn)
Jewellery
 i - a ring of protection from magic (right hand)
 k - a +3 ring of intelligence
 s - a ring of poison resistance (left hand)
Wands
 l - a wand of acid (7)
 n - a wand of flame (19)
Scrolls
 e - 4 scrolls of teleportation
 h - 3 scrolls of identify
 j - 4 scrolls of remove curse
 t - a scroll of amnesia
Potions
 m - a potion of resistance
 o - 3 potions of curing
 p - 2 potions of flight
 r - 2 potions of brilliance
Comestibles
 f - 11 rations


   Skills:
 - Level 2.4 Fighting
 + Level 10.2 Maces & Flails
 - Level 2.0 Throwing
 - Level 3.2 Dodging


You had 6 spell levels left.
You didn't know any spells.
Your spell library contained the following spells:

 Spells                   Type           Power        Failure   Level  Hunger
 Corona                   Hex            #......      50%         1    ##.....
 Ensorcelled Hibernation  Hex/Ice        #.....       63%         2    ###....
 Confuse                  Hex            #.......     86%         3    ####...
 Dazzling Spray           Conj/Hex       #.....       86%         3    ####...
 Recall                   Summ/Tloc      N/A          86%         3    ####...
 Tukima's Dance           Hex            #.......     86%         3    ####...
 Aura of Abjuration       Summ           #.........   100%        5    ######.
 Summon Demon             Summ           #.........   100%        5    ######.
 Summon Forest            Summ/Tloc      #.........   100%        5    ######.
 Summon Mana Viper        Hex/Summ       #.......     100%        5    ######.
 Shadow Creatures         Summ           N/A          100%        6    #######


Dungeon Overview and Level Annotations

Branches:
Dungeon (5/15)              Sewer (visited)
 Temple: D:4-7

Altars:
Cheibriados
Hepliaklqana
Makhleb

Shops:
D:4 }


Innate Abilities, Weirdness & Mutations

You reflexively headbutt those who attack you in melee.
You have a pair of horns on your head.


Message History

The sky beast hits you. The sky beast shocks you.
* * * LOW HITPOINT WARNING * * *
You barely miss the sky beast. You headbutt the sky beast!
The sky beast is heavily wounded.
The sky beast hits you.
* * * LOW HITPOINT WARNING * * *
The sky beast shocks you.
* * * LOW HITPOINT WARNING * * *
Okay, then.
Unknown command.
Unknown command.
Throwing (i - inventory)
d - 3 throwing nets (quivered)
Press: ? - help, Shift-Dir - straight line, f - sky beast
Aim: a sky beast (heavily wounded)
You throw a throwing net.
The throwing net completely misses the sky beast.
The sky beast hits you.
* * * LOW HITPOINT WARNING * * *
The sky beast shocks you.
You die...

### .# ## .. ..#
###. .# #..
...###.# #.#
#..#..# #.#
#)..####.#####.#
######...).......).
#(Y@.....)).†..###
#.######..##.#.# ..
####.##.#.# #.
#..≈.≈..#.# ..
..≈.≈.≈...##### #.
###...###...... #
#.≈.# #.##### #...#
#.# #.≈ #.#


You could see a sky beast.

Vanquished Creatures
  An ice beast (D:5)
  An ogre (D:4)
  A big kobold (Sewer)
  2 howler monkeys (D:5)
  2 crimson imps
  2 orc wizards
  A worker ant (D:4)
  A hound skeleton (D:4)
  5 adders
  2 river rats (Sewer)
  3 oozes
  2 worms (D:4)
  2 dart slugs
  3 leopard geckos
  6 orcs
  6 bats
  3 giant cockroaches
  6 goblins
  9 hobgoblins
  9 jackals
  2 quokkas
  3 ball pythons
  A frilled lizard (D:3)
  12 kobolds
  A leopard gecko skeleton (D:5)
  A quokka zombie (D:5)
  8 rats
95 creatures vanquished.

Notes
Turn   | Place    | Note
-------+----------+-------------------------------------------
     0 | D:1      | Curus the Minotaur Gladiator began the quest for the Orb.
     0 | D:1      | Reached XP level 1. HP: 18/18 MP: 0/0
    73 | D:1      | Reached skill level 4 in Maces & Flails
    76 | D:1      | Reached XP level 2. HP: 24/25 MP: 1/1
   377 | D:1      | Reached skill level 5 in Maces & Flails
   445 | D:1      | Reached XP level 3. HP: 27/30 MP: 2/2
  1561 | D:2      | Found a burning altar of Makhleb.
  1566 | D:2      | Became a worshipper of Makhleb the Destroyer
  1816 | D:3      | Reached skill level 6 in Maces & Flails
  1816 | D:3      | Reached XP level 4. HP: 34/37 MP: 3/3
  2363 | D:4      | Found a snail-covered altar of Cheibriados.
  2407 | D:4      | Found Perigh's Gadget Boutique.
  2418 | D:4      | Reached skill level 7 in Maces & Flails
  2418 | D:4      | Reached XP level 5. HP: 31/42 MP: 4/4
  2467 | D:4      | Reached * piety under Makhleb
  2578 | D:4      | Noticed an ogre
  2585 | D:4      | Killed an ogre
  2585 | D:4      | Reached skill level 8 in Maces & Flails
  2640 | D:4      | Reached XP level 6. HP: 44/50 MP: 5/5
  2686 | D:4      | Found a glowing drain.
  2690 | Sewer    | Entered a sewer
  2780 | Sewer    | Found a white marble altar of Elyvilon.
  2859 | D:4      | Found a hazy altar of Hepliaklqana.
  2946 | D:4      | Reached skill level 9 in Maces & Flails
  3034 | D:5      | Entered Level 5 of the Dungeon
  3034 | D:5      | Noticed an ice beast
  3046 | D:5      | Killed an ice beast
  3315 | D:5      | Reached XP level 7. HP: 56/56 MP: 6/6
  3345 | D:5      | Reached skill level 10 in Maces & Flails
  3387 | D:5      | Reached ** piety under Makhleb
  3407 | D:5      | HP: 2/56 [sky beast (5)]
  3407 | D:5      | Slain by a sky beast

Levels and vault maps discovered:
D:1:      saegor_arrival_simple_a, layout_basic
D:2:      layout_basic, lightli_temple_of_fire, minmay_strange_pillars
D:3:      layout_basic, serial_glass, glass_columns_a, glass_columns_b,
          feat_on_display, item_on_display_a
D:4:      layout_rooms, old_standard_altar, lemuel_round_altar,
          gup_sewer_entry_bowl, serial_shops, shop, serial_bayou_lagoon_b
D:5:      layout_loops_ring, nicolae_ru_path_of_blood, first_ration,
          nicolae_dithmenos_the_darkroom

Skill      XL: |  1  2  3  4  5  6  7 |
---------------+----------------------+-----
Maces & Flails | 4 5 6 7 8 9 10 | 10.2
Fighting       | |  2.4
Throwing       | |  2.0
Dodging        | |  3.2

Action                   |  1- 3 |  4- 6 |  7- 9 || total
-------------------------+-------+-------+-------++-------
Melee: Flail             |    98 |    98 |    25 ||   221
       Headbutt          |     8 |    17 |     5 ||    30
Throw: Throwing net      |       |     1 |     1 ||     2
  Use: Scroll            |     6 |     6 |       ||    12
       Potion            |     3 |     3 |       ||     6
 Stab: Held in net/web   |       |     2 |       ||     2
  Eat: Chunk             |     3 |     4 |     1 ||     8
Armor: Leather armour    |    23 |    17 |     8 ||    48
Dodge: Dodged            |    83 |    51 |    23 ||   157
